 Dungeon Crawl Stone Soup version 0.30.1 (webtiles) character file.

Game seed: 10624781435772370874

106 Dordric the Shooter (level 4, -2/26 HPs)
             Began as a Tengu Hunter on July 3, 2023.
             Frozen to death by an endoplasm (5 damage)
             ... in a sewer.
             The game lasted 00:02:38 (1751 turns).

Dordric the Shooter (Tengu Hunter)                  Turns: 1751, Time: 00:02:39

Health: -2/26      AC:  3    Str: 11    XL:     4   Next: 84%
Magic:  5/5        EV: 14    Int:  9    God:
Gold:   170        SH:  0    Dex: 20    Spells: 3/3 levels left

rFire   . . .        a - +0 shortbow
rCold   . . .        (shield currently unavailable)
rNeg    . . .        c - +0 leather armour
rPois   .            (helmet restricted)
rElec   .            (no cloak)
rCorr   .            (no gloves)
SInv    .            (boots unavailable)
Will    .....        (no amulet)
Stlth   ++           (no ring)
HPRegen 0.24/turn    (no ring)
MPRegen 0.09/turn

%: no passive effects
@: no status effects
A: beak, talons 3
a: no special abilities


You were in a sewer.
You visited 1 branch of the dungeon, and saw 3 of its levels.
You also visited: Sewer.

You collected 170 gold pieces.

Inventory:

Hand Weapons
 a - a +0 shortbow (weapon)
Armour
 c - a +0 leather armour (worn)
Jewellery
 n - an amulet of the acrobat
Wands
 f - a wand of acid (5)
 m - a wand of mindburst (10)
Scrolls
 b - 2 scrolls of immolation
 d - a scroll of blinking
 j - a scroll of poison
 k - a scroll of fear
 o - a scroll of identify
 p - a scroll of enchant weapon {unknown}
 q - a scroll of fog {unknown}
Potions
 e - 4 potions of brilliance {unknown}
 g - a potion of might {unknown}
 h - a potion of invisibility {unknown}
 i - a potion of lignification {unknown}
 l - a potion of haste {unknown}


   Skills:
 - Level 2.0 Fighting
 + Level 5.6 Ranged Weapons
 + Level 4.1 Dodging
 - Level 1.0 Stealth


You had 3 spell levels left.
You didn't know any spells.
Your spell library contained the following spells:

 Spells                   Type           Power      Damage    Failure   Level
 Portal Projectile        Hex/Tloc       0%         N/A       85%         3
 Tukima's Dance           Hex            0%         N/A       85%         3
 Blade Hands              Tmut           0%         N/A       100%        5


Dungeon Overview and Level Annotations

Branches:
Dungeon (3/15)              Sewer (1/1)

Altars:
Lugonu

Portals:
Abyss: D:1

Annotations:
D:1 2 runed translucent doors


Innate Abilities, Weirdness & Mutations

You have a beak for a mouth.
You have claws for feet.


Message History

The giant cockroach misses you.
You shoot an arrow. The arrow closely misses the river rat.
The river rat bites you! The endoplasm hits you.
The giant cockroach bites you but does no damage.
The river rat closely misses you.
You are too injured to fight recklessly!
You are too injured to fight recklessly!
You are too injured to fight recklessly!
You are too injured to fight recklessly!
You are too injured to fight recklessly!
You are too injured to fight recklessly!
You are too injured to fight recklessly!
You are too injured to fight recklessly!
You are too injured to fight recklessly!
You are too injured to fight recklessly!
Unknown command.
The endoplasm attacks as you move away! The endoplasm closely misses you.
The river rat attacks as you move away! The river rat misses you.
The endoplasm attacks as you move away! The endoplasm hits you.
Aiming: Corrosive Bolt
Press: ? - help, Shift-Dir - straight line, p - river rat
Okay, then.
You start putting on your amulet.
You continue putting on your amulet of the acrobat.
The endoplasm freezes you.
You are frozen.
Keep equipping yourself? [Y]es or [N]o only, please.
Keep equipping yourself?
* * * LOW HITPOINT WARNING * * *
You continue putting on your amulet of the acrobat.
The giant cockroach bites you but does no damage.
The endoplasm freezes you.
You are frozen.
* * * LOW HITPOINT WARNING * * *
The giant cockroach misses you.
You continue putting on your amulet of the acrobat.
The endoplasm freezes you.
You are frozen.
You die...

#~.~~..~.~..~# ~...
#~.~~.~.~..~.# #~.~.
#~.########### #~~†~~
#..# #.~~~. #..#
..†.# #~.## ##~~.#
#~..### ###...#
#..~~.#########.~...#
##~.~~~....~@Jr..~~##
####..~†....B.~####
#############


You could see a river rat, an endoplasm and a giant cockroach.

Vanquished Creatures
  An adder (Sewer)
  A river rat (Sewer)
  4 worms
  2 dart slugs (D:2)
  An orc (D:3)
  10 ball pythons
  13 endoplasms
  7 giant cockroaches
  4 goblins
  2 hobgoblins
  6 jackals
  A quokka (D:1)
  6 bats
  4 frilled lizards
  A kobold (D:2)
  2 rats
65 creatures vanquished.

Notes
Turn   | Place    | Note
-------+----------+-------------------------------------------
     0 | D:1      | Dordric the Tengu Hunter began the quest for the Orb.
     0 | D:1      | Reached XP level 1. HP: 12/12 MP: 2/2
    40 | D:1      | Found a large runed translucent door.
    40 | D:1      | Found a large runed translucent door.
    40 | D:1      | Found a one-way gate to the infinite horrors of the Abyss.
    40 | D:1      | Noticed an iron imp
    40 | D:1      | Noticed a quasit
    40 | D:1      | Noticed an iron imp
    41 | D:1      | Noticed a crimson imp
    41 | D:1      | Noticed an iron imp
    47 | D:1      | Found a corrupted altar of Lugonu.
    48 | D:1      | Noticed an iron imp
    48 | D:1      | Noticed a quasit
    48 | D:1      | Noticed a crimson imp
    48 | D:1      | Noticed a crimson imp
   116 | D:1      | Reached XP level 2. HP: 9/17 MP: 3/3
   806 | D:1      | Reached XP level 3. HP: 21/21 MP: 4/4
   988 | D:2      | Reached skill level 5 in Ranged Weapons
  1364 | D:2      | Reached XP level 4. HP: 26/26 MP: 5/5
  1588 | D:3      | Found a glowing drain.
  1660 | Sewer    | Entered a sewer
  1751 | Sewer    | Frozen to death by an endoplasm

Illustrated notes

Levels and vault maps discovered:
D:1:      erik_arrival_cave_to_civilisation [erik_arrival_cave_to_temple],
          layout_basic, chequers_jeans, serial_bayou_pond_e, roderic_lattice_a
D:2:      layout_basic
D:3:      layout_loops_ring, cheibrodos_sewer_entry_drain,
          minmay_misc_feat_alley, roderic_three_in_a_row, nicolae_half_adder
Sewer:    sewer_hellmonk_slimy_pipes

Skill      XL: |  1  2  3  4 |
---------------+-------------+-----
Dodging        | 3 4 |  4.1
Ranged Weapons | 5 |  5.6
Fighting       | |  2.0
Stealth        | |  1.0

Action                     |  1- 3 |  4- 6 || total
---------------------------+-------+-------++-------
   Fire: Shortbow          |   108 |    63 ||   171
    Use: Scroll            |       |     3 ||     3
 Armour: Leather armour    |     9 |     3 ||    12
  Dodge: Dodged            |    33 |    17 ||    50
